Map: Thunderbird LE

Players

Mez - Winner!

  • Race: Terran Terran
  • League: Master
  • Spawn Location: 11:00

DuBBiE

  • Race: Zerg Zerg
  • League: Master
  • Spawn Location: 5:00

VOD

Have the link to the VOD?

Description

Time

  • Played on: Aug. 28, 2019, 4:09 p.m.
  • Length: 17:36
Show
View Real Time Build Order
Export as new Build Order

Mez Terran - Winner!

Build Orders: Liberator Opening, Reaper Expand 

Get SALT Encoding   

  12  0:01  SCV  
  13  0:13  SCV  
  14  0:17  Supply Depot  
  14  0:25  SCV  
  15  0:38  SCV  
  15  0:40  Barracks  
  16  0:44  Refinery  
  16  0:50  SCV  
  17  1:02  SCV  
  18  1:15  SCV  
  19  1:28  Reaper  
  19  1:29  Orbital Command  
  20  1:40  Command Center  
  20  1:49  Supply Depot  
  20  1:56  SCV  
  20  2:00  Marine  
  22  2:08  SCV  
  23  2:13  Factory  
  23  2:16  Refinery  
  23  2:20  SCV  
  24  2:23  Barracks Reactor  
  24  2:38  SCV  
  25  2:50  SCV  
  26  2:54  Orbital Command  
  26  2:58  Starport  
  26  3:04  Hellion x2  
  31  3:05  SCV  
  31  3:08  Barracks Tech Lab  
  31  3:19  Liberator  
  32  3:20  SCV x2  
  37  3:27  Supply Depot, Hellion x2  
  37  3:32  SCV x2  
  39  3:40  Marine  
  43  3:44  SCV  
  43  3:45  SCV  
  45  3:50  Hellion  
  45  3:51  Hellion  
  45  3:52  Supply Depot  
  49  3:56  SCV  
  50  4:04  SCV  
  50  4:08  Marine, SCV  
  50  4:09  Stimpack  
  52  4:18  SCV  
  52  4:20  SCV, Starport Reactor  
  52  4:21  Barracks  
  52  4:23  Barracks  
  52  4:24  Factory Tech Lab  
  54  4:32  Supply Depot x2  
  54  4:33  Marine  
  54  4:34  Bunker  
  55  4:43  SCV x2  
  55  4:44  Siege Tank  
  60  4:53  Marine  
  60  4:55  SCV x2  
  60  4:58  Supply Depot  
  63  5:07  SCV x2  
  63  5:11  Marine x2  
  67  5:18  Refinery  
  67  5:19  SCV x2, Refinery  
  67  5:20  Starport Reactor  
  69  5:21  Command Center  
  69  5:22  Siege Tank  
  69  5:31  SCV x2  
  71  5:36  Marine x5  
  71  5:42  Engineering Bay  
  76  5:43  SCV  
  77  5:59  Siege Tank  
  77  6:00  Marine x5  
  85  6:07  SCV  
  85  6:09  Engineering Bay  
  86  6:12  Supply Depot  
  86  6:13  Supply Depot  
  86  6:14  Combat Shield  
  86  6:15  Medivac x2, SCV, Supply Depot  
  91  6:20  Marine x3  
  94  6:32  Marine x2  
  94  6:33  SCV x2  
  94  6:36  Orbital Command  
  94  6:38  Marine x2  
  100  6:41  Marine, Siege Tank  
  104  6:50  Marine x2  
  104  6:53  Supply Depot  
  106  6:54  Supply Depot  
  106  6:57  Medivac x2  
  110  7:05  SCV x2  
  110  7:08  Marine x4  
  113  7:09  Marine  
  113  7:12  Terran Infantry Weapons Level 1  
  113  7:13  Terran Infantry Armor Level 1  
  117  7:26  Barracks x2  
  117  7:28  Supply Depot  
  117  7:29  Supply Depot  
  117  7:30  Marine x4  
  117  7:35  Medivac x2  
  125  7:43  Armory  
  125  7:57  Marine x4  
  123  8:09  Siege Tank  
  123  8:10  SCV, Medivac x2  
  123  8:11  SCV x2  
  134  8:15  Marine x2  
  126  8:20  Marine  
  126  8:22  Barracks Reactor x2  
  126  8:33  Marine  
  126  8:34  Marine  
  127  8:36  SCV x3  
  127  8:38  Terran Vehicle Weapons Level 1  
  127  8:40  Medivac x2  
  134  8:42  Command Center  
  134  8:48  SCV x2  
  132  8:51  Marine x5  
  126  9:00  SCV x3  
  118  9:09  Marine x4  
  120  9:12  Siege Tank, SCV x2  
  120  9:14  SCV  
  125  9:19  Marine x4  
  126  9:24  SCV x2  
  126  9:25  Barracks  
  126  9:26  Barracks x2  
  126  9:27  SCV  
  126  9:32  Refinery  
  126  9:35  Refinery, Missile Turret  
  126  9:36  SCV, Missile Turret  
  126  9:37  Missile Turret  
  126  9:53  Marine x7  
  133  10:05  Siege Tank  
  136  10:09  Factory  
  128  10:23  Marine  
  128  10:24  Marine x5, Factory  
  128  10:25  Barracks Tech Lab x2  
  128  10:26  Barracks Tech Lab  
  133  10:37  Marauder, Thor  
  133  10:39  Planetary Fortress  
  133  10:42  Refinery, Missile Turret  
  141  10:43  Terran Infantry Armor Level 2, Terran Infantry Weapons Level 2  
  141  10:44  Terran Vehicle Weapons Level 2  
  141  10:45  Starport  
  141  10:47  Starport  
  141  10:57  Marine x6  
  141  10:58  Marauder x3  
  141  10:59  Marauder  
  151  11:07  Marine  
  151  11:09  Marine  
  139  11:12  SCV x3  
  139  11:15  Marine x3  
  139  11:17  Marine x2  
  139  11:18  Marine  
  146  11:19  Marine x2  
  146  11:20  Marauder x2  
  146  11:24  SCV  
  146  11:25  Marine  
  136  11:28  Thor  
  136  11:29  Factory Reactor  
  136  11:31  Factory Tech Lab  
  136  11:32  Marine  
  132  11:33  Marine x2  
  132  11:38  Marauder  
  132  11:39  Marine  
  122  11:43  SCV  
  122  11:44  SCV  
  124  11:50  Thor  
  125  11:56  SCV x3  
  125  11:57  SCV  
  106  12:08  SCV x3  
  106  12:09  SCV  
  110  12:16  Marauder  
  110  12:17  Marine x8, Marauder x3  
  110  12:20  SCV  
  110  12:22  Drilling Claws, Widow Mine x2  
  131  12:24  Widow Mine  
  133  12:35  Marine  
  134  12:39  Marine x4, Widow Mine  
  134  12:40  Marine x2  
  134  12:41  Marauder x4  
  134  12:44  Starport Reactor, Starport Tech Lab  
  150  12:48  SCV  
  150  12:51  Fusion Core  
  151  12:58  Marine  
  151  12:59  Marine x3  
  151  13:02  Marauder  
  151  13:03  Siege Tank x2  
  151  13:04  Widow Mine x2  
  166  13:19  Marine, Concussive Shells  
  162  13:20  Marine x4, Marauder  
  160  13:34  Marine x3, Marauder  
  160  13:35  Marauder  
  160  13:37  Marine x2  
  160  13:38  Marauder  
  160  13:39  SCV x4  
  174  13:47  Liberator x5  
  174  14:01  Marine  
  174  14:02  Marauder  
  143  14:16  Marine x7, Marauder x2  
  131  14:28  Siege Tank  
  131  14:29  Hellion x2  
  138  14:34  Marauder x2  
  138  14:38  Refinery x2  
  142  14:43  Marine x2  
  142  14:44  Marine x3  
  136  14:47  Medivac  
  116  15:05  Command Center  
  111  15:10  Medivac x4  
  119  15:30  Marine  
  119  15:31  Marine x11  
  128  15:36  Siege Tank  
  131  15:48  Marine  
  131  15:49  Marine  
  133  15:52  Marine x2  
  133  15:53  Marine, Marauder x2  
  139  15:59  Marine x3, Marauder x2  
  146  16:09  Medivac  
  146  16:10  Medivac  
  148  16:19  Cyclone  
  150  16:29  Medivac x2  
  151  16:39  Marine x4, Marauder  
  138  16:41  Marine  
  124  16:52  Marine, Marauder x2  
  124  16:53  Marauder  
  123  17:04  Marine, Marauder  
  121  17:14  Marine x4, Marauder x2  
Show
View Real Time Build Order
Export as new Build Order

DuBBiE Zerg 

Build Orders: Hatch First, Muta Ling Bane 

Get SALT Encoding   

  12  0:01  Drone  
  13  0:12  Overlord  
  13  0:16  Drone  
  14  0:31  Drone x2  
  14  0:34  Drone  
  17  0:46  Drone  
  18  0:58  Hatchery  
  18  1:01  Drone  
  18  1:03  Extractor  
  17  1:17  Spawning Pool, Drone  
  17  1:21  Drone  
  18  1:32  Drone  
  19  1:39  Drone  
  20  1:50  Drone  
  21  2:06  Hatchery  
  20  2:09  Queen  
  20  2:10  Zergling x2  
  20  2:11  Zergling x2  
  24  2:21  Queen  
  26  2:25  Drone  
  27  2:30  Overlord  
  27  2:34  Drone  
  28  2:51  Drone  
  28  2:53  Drone x3  
  28  2:54  Drone  
  28  2:55  Queen  
  34  2:58  Metabolic Boost  
  34  3:04  Drone x2  
  36  3:15  Overlord  
  37  3:34  Drone x2  
  37  3:35  Drone  
  37  3:36  Lair  
  37  3:39  Drone x2  
  37  3:40  Drone x2  
  37  3:41  Drone  
  44  3:45  Drone  
  44  3:46  Queen  
  47  3:56  Drone x2  
  47  3:58  Drone  
  50  4:06  Drone, Extractor  
  50  4:09  Overlord x3  
  50  4:22  Overlord x3  
  50  4:27  Queen x2  
  54  4:33  Zergling x6  
  57  4:39  Drone x3  
  57  4:40  Drone x4  
  57  4:42  Nydus Network  
  57  4:43  Zergling x2  
  57  4:44  Zergling x6  
  57  4:45  Drone  
  68  4:57  Spore Crawler  
  67  5:01  Spore Crawler  
  64  5:22  Drone x4  
  64  5:24  Drone x2  
  70  5:30  Zergling x2  
  70  5:31  Zergling x10, Drone  
  70  5:32  Drone x2  
  79  5:36  Nydus Canal  
  79  5:37  Zergling x4  
  81  5:43  Drone  
  81  5:46  Drone x2, Extractor  
  81  5:47  Evolution Chamber, Extractor  
  81  5:48  Evolution Chamber  
  80  5:56  Drone x2  
  80  5:57  Drone  
  83  6:00  Drone x3  
  83  6:01  Hatchery  
  83  6:03  Drone, Extractor  
  85  6:04  Spore Crawler  
  85  6:05  Extractor  
  85  6:09  Drone x2  
  85  6:18  Zerg Ground Armor Level 1, Zerg Melee Weapons Level 1  
  85  6:21  Drone x2  
  85  6:22  Drone  
  88  6:26  Roach Warren  
  88  6:28  Drone  
  88  6:30  Drone x2  
  90  6:37  Drone x3  
  90  6:38  Drone x2  
  90  6:39  Zergling x4  
  97  6:43  Baneling Nest, Drone  
  97  6:46  Drone  
  98  6:56  Overlord x2  
  98  6:57  Overlord  
  98  7:00  Hydralisk Den  
  97  7:02  Spire  
  97  7:05  Overlord x4  
  95  7:10  Roach  
  95  7:11  Roach  
  95  7:12  Overlord x3  
  97  7:28  Spine Crawler  
  97  7:29  Roach x4  
  108  7:30  Roach x6, Spine Crawler  
  108  7:33  Drone x3  
  108  7:36  Glial Reconstitution  
  118  7:39  Centrifical Hooks  
  118  7:43  Baneling x7  
  118  7:44  Baneling x3  
  118  7:48  Drone  
  118  7:49  Drone  
  120  7:51  Infestation Pit  
  120  7:54  Drone x2  
  120  7:58  Zergling x6  
  124  7:59  Zergling x6  
  124  8:03  Zergling x6  
  124  8:04  Zergling x2  
  116  8:14  Zergling x8  
  116  8:15  Zergling x2  
  116  8:17  Zergling x2  
  118  8:21  Mutalisk  
  118  8:22  Mutalisk  
  122  8:28  Mutalisk  
  122  8:29  Mutalisk x4  
  122  8:30  Zergling x10  
  122  8:31  Zergling x2  
  122  8:34  Zergling x6  
  136  8:35  Ravager x3  
  136  8:37  Zergling x2  
  136  8:40  Zergling x2  
  142  8:44  Zergling x4  
  140  8:54  Zergling x2  
  129  8:55  Zergling x2  
  129  8:56  Zergling x2  
  129  8:59  Zergling x2  
  129  9:01  Zergling x2  
  129  9:02  Zergling x4  
  123  9:04  Drone x2  
  123  9:05  Drone  
  123  9:07  Drone x3  
  123  9:08  Zerg Melee Weapons Level 2  
  123  9:09  Zerg Ground Armor Level 2  
  123  9:11  Pathogen Glands  
  120  9:17  Zergling x6  
  120  9:20  Zergling x4  
  120  9:22  Baneling x2  
  120  9:23  Baneling x6  
  125  9:24  Zergling x4  
  125  9:29  Zergling x2  
  125  9:30  Drone  
  129  9:36  Extractor  
  129  9:38  Zergling x6  
  130  9:43  Queen  
  133  9:46  Hatchery  
  133  9:47  Infestor x2  
  133  9:49  Zergling x10  
  133  9:51  Extractor  
  133  9:52  Baneling x4  
  140  9:53  Zergling x2  
  140  9:54  Zergling x6  
  140  9:55  Extractor  
  143  10:04  Zergling x8  
  147  10:13  Infestor x2  
  150  10:20  Zergling x12  
  150  10:21  Zergling x8  
  160  10:23  Drone  
  159  10:31  Zergling x4  
  159  10:32  Drone  
  159  10:33  Drone  
  163  10:37  Infestor x3  
  163  10:39  Overlord x3, Zergling x6  
  163  10:42  Baneling  
  172  10:43  Baneling x4  
  172  10:51  Overlord x2  
  172  10:52  Overlord x2  
  172  10:54  Spine Crawler  
  172  10:55  Zergling x6  
  172  10:56  Zergling x2, Spine Crawler, Baneling x2  
  172  10:57  Baneling x3  
  174  11:03  Zergling x2  
  174  11:04  Zergling x4  
  171  11:05  Zergling x10  
  171  11:07  Zergling x4  
  171  11:09  Zergling x8  
  171  11:10  Zergling x4  
  175  11:13  Baneling x4  
  175  11:14  Baneling x5  
  175  11:18  Infestor  
  172  11:19  Zergling x6  
  165  11:33  Zergling x2  
  165  11:37  Zergling x2  
  165  11:38  Zergling x2  
  150  11:40  Zergling x4  
  150  11:41  Zergling x4  
  150  11:43  Zergling x2  
  145  11:49  Baneling x2  
  145  11:50  Baneling x2  
  133  11:57  Zergling x6  
  133  11:58  Zergling x2  
  128  12:01  Zergling x2  
  128  12:02  Zergling x6  
  132  12:08  Hive  
  132  12:18  Drone x2  
  132  12:19  Drone x5  
  139  12:26  Baneling x7  
  139  12:27  Baneling x6  
  139  12:28  Zergling x2, Baneling x5  
  139  12:29  Infestor x3  
  144  12:30  Infestor  
  144  12:31  Hatchery  
  144  12:32  Grooved Spines  
  144  12:35  Zergling x2  
  144  12:36  Zergling x6  
  151  12:42  Zerg Missile Weapons Level 1  
  151  12:44  Queen  
  151  12:45  Drone  
  153  12:55  Zergling x2  
  153  12:56  Zergling x6  
  153  12:57  Zergling x4  
  153  12:58  Zergling x4  
  156  13:01  Zergling x2  
  156  13:02  Zergling x10  
  162  13:08  Drone x3  
  162  13:12  Drone  
  166  13:18  Zergling x12  
  164  13:20  Zergling x4  
  164  13:21  Zergling x6  
  164  13:25  Zergling x2  
  164  13:26  Zergling x2  
  154  13:30  Infestor x3  
  154  13:32  Greater Spire  
  153  13:38  Spine Crawler  
  153  13:39  Zergling x10  
  153  13:40  Spine Crawler  
  155  13:42  Zergling x4  
  155  13:44  Muscular Augments  
  155  13:45  Baneling x7  
  155  13:46  Baneling x4  
  150  13:49  Zergling x4  
  150  13:52  Zergling x6  
  150  13:54  Zergling x2  
  156  13:57  Zergling x2  
  156  14:00  Zergling x4  
  150  14:03  Zergling x2  
  150  14:06  Zergling x4  
  150  14:08  Zergling x4  
  140  14:11  Zergling x2  
  140  14:12  Zergling x4  
  140  14:14  Zergling x6  
  140  14:15  Zergling x2  
  140  14:22  Zergling x2  
  140  14:23  Zergling x2, Queen  
  143  14:24  Drone  
  143  14:30  Drone x4  
  147  14:32  Zergling x2  
  147  14:33  Baneling x3  
  147  14:34  Baneling  
  147  14:40  Zergling x6  
  133  14:46  Zergling x8  
  133  14:47  Zergling x2  
  133  14:48  Zergling x2  
  133  14:49  Zergling x2  
  130  14:57  Zergling x4  
  129  15:01  Zergling x10  
  129  15:03  Zergling x2  
  133  15:15  Hatchery  
  132  15:21  Infestor  
  132  15:22  Infestor x4  
  134  15:29  Zergling x4, Overseer  
  134  15:32  Drone x3  
  138  15:38  Baneling x4  
  138  15:39  Baneling x4  
  138  15:40  Baneling  
  138  15:48  Corruptor  
  138  15:49  Corruptor  
  139  15:54  Corruptor  
  136  16:00  Drone x4  
  135  16:10  Infestor x2  
  135  16:11  Corruptor  
  137  16:15  Zergling x4  
  137  16:17  Zergling x2  
  136  16:18  Zergling x2  
  136  16:19  Zergling x2  
  127  16:26  Infestor x2  
  129  16:38  Zergling x4  
  129  16:39  Zergling x4  
  117  16:40  Zergling x2  
  117  16:43  Zergling x2  
  102  16:50  Zergling x4  
  102  16:51  Zergling x2  
  98  16:59  Zergling x4  
  92  17:02  Zergling x2  
  92  17:07  Zergling x2  
  91  17:13  Zergling x2  
Tags
 
Add a new tag
Caveats
  • Supply blocks, unpowered buildings, or Contaminate may cause inaccurate times.
  • Supply counts are checked every 10 seconds.